 Dungeon Crawl Stone Soup version 0.25.1-9-gc5326a611f (webtiles) character file.

Game seed: 2323208269780567858

41141 H0rd4k the Eclecticist (level 13, -5/63 HPs)
             Began as a Deep Elf Wizard on Dec 22, 2020.
             Was an Initiate of Gozag.
             Slain by a guardian serpent (16 damage)
             ... on level 6 of the Lair of Beasts on Jan 4, 2021.
             The game lasted 01:53:51 (29860 turns).

H0rd4k the Eclecticist (Deep Elf Wizard)           Turns: 29860, Time: 01:53:52

Health: -5/63      AC: 12    Str:  4    XL:     13   Next: 78%
Magic:  0/38       EV: 14    Int: 37    God:    Gozag
Gold:   1495       SH:  0    Dex: 13    Spells: 25/50 levels left

rFire    x . .     SeeInvis .   y - staff of cold
rCold    + + .     Gourm    .   (no shield)
rNeg     . . .     Faith    .   V - +2 leather armour {MR+}
rPois    +         Spirit   +   b - +2 hat
rElec    .         Reflect  .   D - +2 cloak {Stlth+}
rCorr    .         Harm     .   (no gloves)
MR       ++...                  u - +1 pair of boots of Ethics {Int+3}
Stlth    +++.......             q - amulet of guardian spirit
HPRegen  0.20/turn              w - ring "Doesehic" {Ice Int+5}
MPRegen  0.26/turn              M - ring of poison resistance

@: gold aura, hasted, very quick
A: no striking features
a: Potion Petition, Call Merchant, Bribe Branch, Renounce Religion


You were on level 6 of the Lair of Beasts.
You worshipped Gozag.
Gozag was most pleased with you.
You were not hungry.

You visited 3 branches of the dungeon, and saw 18 of its levels.
You also visited: Ice Cave.

You collected 4464 gold pieces.
You spent 2190 gold pieces at shops.
You paid 779 gold pieces to Gozag.

Inventory:

Hand Weapons
 N - a +0 hunting sling of freezing
 O - a +4 short sword of electrocution
Missiles
 e - 54 poisoned darts (quivered)
 p - 16 curare-tipped darts
Armour
 b - a +2 hat (worn)
 u - the +1 pair of boots of Ethics (worn) {Int+3}
   (You found it on level 4 of the Dungeon)

   It affects your intelligence (+3).
 D - a +2 cloak of stealth (worn)
 V - a +2 leather armour of magic resistance (worn)
Magical Staves
 y - an uncursed staff of cold (weapon)
Jewellery
 c - an uncursed amulet of the acrobat
 f - an uncursed amulet of regeneration
 g - a +4 ring of evasion
 q - an amulet of guardian spirit (around neck)
 w - the ring "Doesehic" (left hand) {Ice Int+5}
   (You found it on level 4 of the Dungeon)

   [ring of ice]

   It enhances your ice magic.
   It affects your intelligence (+5).
   It makes you vulnerable to fire.
   It protects you from cold.
 M - a ring of poison resistance (right hand)
 R - an uncursed ring of see invisible
Wands
 F - a wand of random effects (16)
 P - a wand of digging (5)
 T - a wand of flame (12)
Scrolls
 k - 5 scrolls of enchant armour
 r - 3 scrolls of amnesia
 t - a scroll of fog
 z - 2 scrolls of enchant weapon
 C - 5 scrolls of remove curse
 H - 2 scrolls of noise
 S - a scroll of identify
Potions
 i - 6 potions of might
 m - 2 potions of haste
 s - 3 potions of mutation
 x - 3 potions of degeneration
 E - 4 potions of flight
 I - a potion of cancellation
 L - 2 potions of berserk rage
Miscellaneous
 l - a lightning rod (2/4)
 Q - a lightning rod (2/4)
Comestibles
 d - 16 rations


   Skills:
 * Level 1.1 Throwing
 + Level 6.2 Dodging
 + Level 5.6 Stealth
 + Level 19.1 Spellcasting
 + Level 13.4 Conjurations
   Level 1.1 Summonings
 - Level 4.9 Translocations
 + Level 3.4 Transmutations
 + Level 5.3 Fire Magic
 * Level 4.1 Ice Magic
 + Level 5.1 Air Magic
 + Level 4.5 Poison Magic
 + Level 5.2 Evocations


You had 25 spell levels left.
You knew the following spells:

 Your Spells              Type           Power        Failure   Level  Hunger
a - Magic Dart            Conj           ####         0%          1    None
b - Blink                 Tloc           N/A          1%          2    None
c - Conjure Flame         Conj/Fire      #######.     1%          3    None
d - Mephitic Cloud        Conj/Pois/Air  #######.     1%          3    None
e - Ice Form              Ice/Tmut       #######.     3%          4    None
f - Freezing Cloud        Conj/Ice/Air   ########..   11%         6    None
g - Ozocubu's Refrigerat  Ice            #######...   38%         6    None

Your spell library contained the following spells:

 Spells                   Type           Power        Failure   Level  Hunger
 Call Imp                 Summ           #####...     1%          2    None
 Slow                     Hex            #####...     2%          2    None
 Metabolic Englaciation   Hex/Ice        #######...   19%         5    None
 Simulacrum               Ice/Necr       #######...   69%         6    None


Dungeon Overview and Level Annotations

Branches:
Dungeon (11/15)            Temple (1/1) D:4            Lair (6/6) D:9
  Snake (0/4) Lair:2        IceCv (visited)
  Swamp: Lair:2-4    Shoals: Lair:2-4     Slime: Lair:5-6       Orc: D:9-12

Altars:
Ashenzari
Dithmenos
Elyvilon
Fedhas
Gozag
Hepliaklqana
Makhleb
Nemelex Xobeh
Qazlal
Ru
Sif Muna
Uskayaw
Vehumet
Wu Jian
Xom
Yredelemnul
Zin
The Shining One

Shops:
D:6 [   D:8 }   D:9 :}

Annotations:
D:2 exclusion: downstairs
D:4 exclusions: upstairs and 1 more exclusion
D:6 exclusion: downstairs
D:7 exclusion: downstairs
D:8 Harold, Joseph
D:9 Erolcha
D:10 exclusion: downstairs
D:11 exclusion: gargoyle, Grum
Lair:3 exclusion: 2 upstairs
Lair:4 exclusions: downstairs, hydra and upstairs


Message History

Aim: a guardian serpent Attack!
You hear an angry hiss.
The wyvern is no longer moving slowly.
The wolf barely misses your water moccasin.
The wolf closely misses you. The guardian serpent barely misses you.
Your hornet stings the guardian serpent!
Your water moccasin barely misses the guardian serpent.
Okay, then.
Unknown command.
Okay, then.
Unknown command.
Evoke which item? (* to show all) (? for menu, Esc to quit)
Aiming: Dig
Press: ? - help, Shift-Dir - straight line, p - guardian serpent A rock wall.
The rock shatters into small pieces.
The wolf misses your water moccasin. The wolf bites you but does no damage.
The guardian serpent hits you!
You die...
Your body crumbles into a pile of gold.

...................
...................
...................
.........P......
........$.P#...#
..#......PP####. .
#..###.y## ... ..#
##.yS##...?. .
#.lS@.......
.......hh###.....
........hP# ...
.........## .
.....#...#
..##.#...# . .
..... ........


You could see a guardian serpent, a wyvern (paralysed, very poisoned), 3 wolves,
2 friendly hornets and a friendly water moccasin (charmed).

Vanquished Creatures
  Gastronok (D:8)
  A frost giant (IceCv)
  3 hydras
  2 two-headed ogres (D:9)
  Sonja (Lair:1)
  2 swamp dragons (Lair:5)
  A cyclops (D:11)
  8 elephants
  5 black mambas
  Maurice (D:8)
  9 spiny frogs
  A gargoyle (D:11)
  A rime drake (Lair:3)
  5 komodo dragons
  3 meliai (Lair:4)
  15 polar bears (IceCv)
  A queen bee (Lair:4)
  2 trolls
  3 blink frogs (Lair:1)
  Prince Ribbit (D:6)
  A slime creature (Lair:5)
  6 hippogriffs
  Sigmund (D:6)
  3 wyverns
  42 yaks
  Eustachio (D:6)
  2 hungry ghosts
  A warg (D:9)
  2 basilisks
  2 vampire mosquitoes (Lair:5)
  3 swamp worms (Lair:5)
  2 nagas (Lair:2)
  14 water moccasins
  3 swamp drakes (Lair:5)
  2 orc warriors (D:7)
  5 porcupines
  4 ice beasts
  4 sky beasts
  A phantom (D:9)
  An ogre (D:9)
  13 wolves
  8 crocodiles
  4 centaurs
  A big kobold (D:11)
  17 bullfrogs
  A wyvern skeleton (D:9)
  A scorpion (D:8)
  21 killer bees
  6 electric eels
  9 wights
  A howler monkey (D:9)
  A centaur zombie (D:8)
  6 crimson imps
  6 hounds
  2 quasits
  4 jellies
  6 orc priests
  A gnoll shaman (D:7)
  12 orc wizards
  A bullfrog skeleton (D:4)
  Jessica (D:3)
  An iguana (D:4)
  10 worker ants
  2 hound skeletons
  A howler monkey skeleton (D:3)
  8 gnolls
  10 adders
  2 adder skeletons (D:8)
  2 adder zombies (D:9)
  4 worms
  A dart slug (D:4)
  3 leopard geckos
  21 orcs
  10 bats
  7 giant cockroaches
  5 goblins
  10 hobgoblins
  10 jackals
  12 kobolds
  5 quokkas
  2 ball pythons (D:3)
  7 frilled lizards
  A leopard gecko skeleton (D:5)
  2 quokka zombies
  5 rats
429 creatures vanquished.

Vanquished Creatures (collateral kills)
  A wolf (Lair:6)
  A crocodile (Lair:6)
  A killer bee (Lair:4)
3 creatures vanquished.

Vanquished Creatures (others)
  A killer bee (Lair:4)
  2 bushes
  32 fungi
  33 plants
68 creatures vanquished.

Grand Total: 500 creatures vanquished

Notes
Turn   | Place    | Note
-------+----------+-------------------------------------------
     0 | D:1      | H0rd4k the Deep Elf Wizard began the quest for the Orb.
     0 | D:1      | Reached XP level 1. HP: 10/10 MP: 7/7
   200 | D:1      | Reached XP level 2. HP: 15/15 MP: 5/9
   317 | D:1      | Reached skill level 5 in Spellcasting
  1202 | D:2      | Reached XP level 3. HP: 19/19 MP: 7/11
  1206 | D:2      | Learned a level 2 spell: Blink
  1210 | D:2      | Learned a level 3 spell: Conjure Flame
  1214 | D:2      | Learned a level 3 spell: Mephitic Cloud
  2381 | D:3      | Noticed Jessica
  2396 | D:3      | Killed Jessica
  2396 | D:3      | Reached XP level 4. HP: 24/24 MP: 4/13
  3098 | D:4      | Got a pair of translucent boots
  3111 | D:4      | Reached skill level 6 in Spellcasting
  3111 | D:4      | Reached XP level 5. HP: 28/28 MP: 1/15
  3124 | D:4      | Identified the +1 pair of boots of Ethics {Int+3} (You
                  | found it on level 4 of the Dungeon)
  3289 | D:4      | Found a staircase to the Ecumenical Temple.
  3411 | D:4      | Noticed a centaur
  3422 | D:4      | Killed a centaur
  3422 | D:4      | Reached skill level 1 in Fire Magic
  3422 | D:4      | Reached skill level 1 in Air Magic
  3422 | D:4      | Reached skill level 1 in Poison Magic
  3724 | D:4      | Got a shimmering gossamer ring
  3788 | D:4      | Reached XP level 6. HP: 32/32 MP: 9/17
  4717 | D:3      | Reached skill level 7 in Spellcasting
  4834 | D:3      | Found a shimmering altar of Xom.
  5049 | Temple   | Entered the Ecumenical Temple
  5076 | Temple   | Became a worshipper of Gozag Ym Sagoz the Greedy
  5126 | D:5      | Entered Level 5 of the Dungeon
  5217 | D:5      | Reached XP level 7. HP: 36/36 MP: 12/19
  6354 | D:5      | Reached skill level 8 in Spellcasting
  6764 | D:5      | Found a blossoming altar of Fedhas.
  6945 | D:5      | Reached skill level 9 in Spellcasting
  6945 | D:5      | Reached XP level 8. HP: 31/41 MP: 17/23
  6960 | D:5      | Identified the ring "Doesehic" {Ice Int+5} (You found it on
                  | level 4 of the Dungeon)
  7187 | D:6      | Noticed Prince Ribbit
  7192 | D:6      | Found Logeadwinn's Antique Armour Boutique.
  7200 | D:6      | Bought a glowing cloak for 195 gold pieces
  7344 | D:6      | Reached skill level 5 in Conjurations
  7388 | D:6      | Noticed Sigmund
  7397 | D:6      | Killed Sigmund
  7542 | D:6      | Noticed Eustachio
  7567 | D:6      | Killed Eustachio
  7811 | D:6      | Reached skill level 10 in Spellcasting
  8495 | D:7      | Reached XP level 9. HP: 26/45 MP: 4/25
  9106 | D:7      | Reached skill level 11 in Spellcasting
 10509 | D:8      | Noticed Maurice
 10658 | D:8      | Noticed Joseph
 10706 | D:8      | Noticed Harold
 10821 | D:8      | Noticed Gastronok
 10885 | D:8      | Killed Gastronok
 10885 | D:8      | Reached skill level 12 in Spellcasting
 10885 | D:8      | Reached XP level 10. HP: 20/50 MP: 5/28
 11261 | D:6      | Killed Prince Ribbit
 11296 | D:7      | Reached skill level 13 in Spellcasting
 11795 | D:9      | Noticed a two-headed ogre
 11801 | D:9      | Noticed a two-headed ogre
 11804 | D:9      | Noticed Erolcha
 11805 | D:9      | Killed a two-headed ogre
 11805 | D:9      | Reached skill level 1 in Evocations
 11832 | D:10     | Entered Level 10 of the Dungeon
 12347 | D:10     | Reached skill level 14 in Spellcasting
 12783 | D:11     | Noticed a gargoyle
 12954 | D:11     | Noticed Grum
 13943 | D:11     | Noticed a gargoyle
 13957 | D:11     | Killed a gargoyle
 13957 | D:11     | Reached XP level 11. HP: 54/54 MP: 21/31
 14300 | D:11     | Reached skill level 10 in Conjurations
 14532 | D:9      | Killed a two-headed ogre
 14821 | D:9      | Found Vofis's Gadget Emporium.
 14877 | D:9      | Reached skill level 15 in Spellcasting
 14925 | D:9      | Found a staircase to the Lair.
 15108 | D:9      | Reached skill level 5 in Stealth
 15483 | D:9      | Bought a wand of clouds (6) for 480 gold pieces
 15483 | D:9      | Bought a lightning rod (4/4) for 640 gold pieces
 15483 | D:9      | Bought a wand of enslavement (8) for 160 gold pieces
 16257 | Lair:1   | Entered Level 1 of the Lair of Beasts
 16829 | Lair:1   | Noticed Sonja
 16843 | Lair:1   | Killed Sonja
 16864 | Lair:1   | Upgraded the game from 0.25.1-8-g42b30a86e7 to
                  | 0.25.1-9-gc5326a611f
 18301 | Lair:2   | Noticed a five-headed hydra
 18310 | Lair:2   | Reached skill level 16 in Spellcasting
 18549 | Lair:3   | Reached skill level 5 in Dodging
 18712 | Lair:3   | Reached XP level 12. HP: 46/59 MP: 18/34
 19383 | Lair:4   | Found a frozen archway.
 19393 | IceCv    | Entered an ice cave
 20415 | IceCv    | Noticed a frost giant
 20424 | IceCv    | Killed a frost giant
 20424 | IceCv    | Reached skill level 17 in Spellcasting
 20424 | IceCv    | Reached skill level 5 in Fire Magic
 22359 | Lair:4   | Noticed a four-headed hydra
 22732 | Lair:4   | Reached skill level 18 in Spellcasting
 22882 | Lair:3   | Noticed a seven-headed hydra
 23386 | Lair:1   | Reached XP level 13. HP: 56/63 MP: 19/37
 24099 | D:9      | Bought a book of Ice for 715 gold pieces
 24105 | D:9      | Learned a level 4 spell: Ice Form
 24112 | D:9      | Learned a level 6 spell: Freezing Cloud
 24119 | D:9      | Learned a level 6 spell: Ozocubu's Refrigeration
 24397 | D:8      | Killed Maurice
 24864 | Lair:2   | Found a staircase to the Snake Pit.
 25122 | Lair:2   | Reached skill level 1 in Ice Magic
 25370 | Lair:2   | Reached skill level 1 in Transmutations
 27686 | Lair:5   | Reached skill level 5 in Evocations
 28814 | Lair:6   | Entered Level 6 of the Lair of Beasts
 29050 | Lair:6   | Reached skill level 5 in Air Magic
 29407 | Lair:6   | Reached skill level 19 in Spellcasting
 29691 | Lair:6   | Reached skill level 1 in Throwing
 29860 | Lair:6   | Slain by a guardian serpent

Illustrated notes

Levels and vault maps discovered:
D:1:      dpeg_arrival_simpleton_c, layout_basic
D:2:      layout_basic, first_ration
D:3:      layout_rooms, marbit_many_paths, uniq_jessica
D:4:      layout_gridville, minmay_temple_entry_enclosed_plants,
          minmay_statues_item
D:5:      kennysheep_six_static_rooms, layout_basic, fedhas_altar_2
D:6:      layout_basic, serial_shops, shop, minmay_misc_feat_plants,
          uniq_prince_ribbit1, uniq_sigmund, uniq_eustachio
D:7:      layout_layer_cave
D:8:      layout_cave_pools, grunt_livestock, st_stairs_8, uniq_harold,
          uniq_gastronok, uniq_maurice, uniq_joseph
D:9:      layout_irregular_city, erik_lair_orcish_takeover, serial_shops,
          nicolae_shop_statue_plus, serial_bayou_lagoon_b, uniq_erolcha
D:10:     layout_basic
D:11:     layout_basic, minmay_misc_feat_diagonals, uniq_grum
Temple:   nicolae_temple_the_god_donut
Lair:1:   layout_roguey, infiniplex_staircase_pool, grunt_megastairs_4,
          uniq_sonja
Lair:2:   layout_small_grid, guppyfry_snake_entry_island, serial_bayou_pond_b,
          lemuel_fruit_tree
Lair:3:   layout_long_grid
Lair:4:   layout_roguey, palyth_hydra_swamp_entry,
          portal_ice_cave_entry_pillars_2, special_room [special_room_bee],
          grunt_forest_stairs_basic, chequers_serial_rivers_micro_a
Lair:5:   onia_ninara_swampy_vault, layout_regular_city, minivault_27,
          fungi_pond_lemuel, nicolae_quartered_pool_medium
Lair:6:   hangedman_lair_tendril_chambers, layout_regular_city, slime_altar_1

Skill      XL: |  1  2  3  4  5  6  7  8  9 10 11 12 13 |
---------------+----------------------------------------+-----
Stealth        | 3 4 5 |  5.6
Spellcasting   | 5 6 7 9 10 12 14 16 18 19 | 19.1
Conjurations   | 2 3 4 6 8 9 11 12 13 | 13.4
Fire Magic     | 2 3 4 5 |  5.3
Air Magic      | 1 2 3 4 5 |  5.1
Poison Magic   | 1 2 3 4 |  4.5
Dodging        | 3 4 5 6 |  6.2
Translocations | 2 3 4 |  4.9
Evocations     | 2 3 4 5 |  5.2
Ice Magic      | 4 |  4.1
Transmutations | 3 |  3.4
Throwing       | 1 |  1.1
Summonings     | |  1.1

Action                   |  1- 3 |  4- 6 |  7- 9 | 10-12 | 13-15 || total
-------------------------+-------+-------+-------+-------+-------++-------
Melee: Short sword       |       |       |       |     1 |       ||     1
       Unarmed           |       |       |       |       |    57 ||    57
       Staff             |       |       |       |       |    12 ||    12
 Cast: Magic Dart        |   115 |   160 |   365 |   804 |   336 ||  1780
       Conjure Flame     |       |    11 |    33 |    91 |    43 ||   178
       Blink             |       |     1 |     8 |    65 |    37 ||   111
       Mephitic Cloud    |       |     1 |    17 |    47 |    14 ||    79
       Freezing Cloud    |       |       |       |       |    10 ||    10
       Ice Form          |       |       |       |       |     3 ||     3
Invok: Call Merchant     |       |       |       |     1 |       ||     1
Evoke: Wand              |       |     1 |     1 |    59 |    27 ||    88
       Lightning rod     |       |       |       |     7 |     3 ||    10
  Use: Scroll            |       |       |     7 |    26 |     6 ||    39
       Potion            |       |       |     1 |     5 |    11 ||    17
 Stab: Paralysed         |       |       |       |       |     3 ||     3
       Distracted        |       |       |       |       |     1 ||     1
  Eat: Chunk             |     4 |     8 |       |       |       ||    12
       Ration            |       |     1 |     4 |    11 |     6 ||    22
Armor: Robe              |     4 |     5 |    17 |   103 |    37 ||   166
       Skin              |       |       |       |       |    24 ||    24
       Leather armour    |       |       |       |       |    20 ||    20
Dodge: Dodged            |    25 |    14 |    59 |   270 |   195 ||   563
